 Dungeon Crawl Stone Soup version 0.23.2-40-g277498a001 (webtiles) character file.

Game seed: 16924321853878752071

7632 Azaloris the Fighter (level 10, 0/91 HPs)
             Began as a Demonspawn Fighter on Oct 5, 2019.
             Slain by a two-headed ogre
             ... wielding a +0 giant club
              (17 damage)
             ... on level 2 of the Orcish Mines.
             The game lasted 00:50:40 (9547 turns).

Azaloris the Fighter (Demonspawn Fighter)           Turns: 9547, Time: 00:50:42

Health: 0/91       AC: 11    Str: 25    XL:     10   Next: 98%
Magic:  0/10       EV: 16    Int: 10    God:
Gold:   392        SH: 11    Dex: 17    Spells: 9/9 levels left

rFire    + . .     SeeInvis +   I - +1 scimitar (freeze)
rCold    . . .     Gourm    .   c - +1 shield
rNeg     . . .     Faith    .   y - +0 scale mail of the Spheres {Regen+ rCorr SInv}
rPois    .         Spirit   +   (no helmet)
rElec    .         Reflect  .   (no cloak)
rCorr    +         Harm     .   (no gloves)
MR       .....                  D - +2 pair of boots
Stlth    +.........             m - amulet of magic regeneration
HPRegen  0.65/turn              g - ring of see invisible
MPRegen  0.49/turn              b - ring of protection from fire

@: mighty, agile, grasped by roots, constricted
A: talons 2, thin metallic scales 1, powered by pain 2, magic shield, magic
regeneration
a: no special abilities


You were on level 2 of the Orcish Mines.
You were not hungry.

You visited 3 branches of the dungeon, and saw 12 of its levels.

You collected 626 gold pieces.
You spent 234 gold pieces at shops.

Inventory:

Hand Weapons
 I - a +1 scimitar of freezing (weapon)
Missiles
 u - 14 tomahawks (quivered)
Armour
 c - a +1 shield (worn)
 y - the +0 scale mail of the Spheres (worn) {Regen+ rCorr SInv}
   (You bought it in a shop on level 5 of the Dungeon)

   It lets you see invisible.
   It increases your rate of regeneration.
   It provides partial protection from all sources of acid and corrosion.
 D - a +2 pair of boots (worn)
Jewellery
 b - a ring of protection from fire (right hand)
 g - a ring of see invisible (left hand)
 m - an amulet of magic regeneration (around neck)
Wands
 s - a wand of clouds (4)
 x - a wand of flame (35)
 C - a wand of enslavement (8)
 E - a wand of random effects (15)
 H - a wand of iceblast (16)
Scrolls
 a - 2 scrolls of identify
 e - a scroll of immolation
 h - 2 scrolls of magic mapping
 i - a scroll of fog
 k - 3 scrolls of enchant armour
 l - 2 scrolls of enchant weapon
 r - a scroll of amnesia
 t - 10 scrolls of teleportation
 A - a scroll of blinking
 B - 4 scrolls of remove curse
 F - a scroll of noise
Potions
 d - 2 potions of might
 j - a potion of flight
 o - a potion of brilliance
 p - 2 potions of lignification
 w - 9 potions of curing
 z - 3 potions of degeneration
 G - a potion of invisibility {unknown}
Comestibles
 f - 20 rations


   Skills:
 + Level 12.7 Fighting
 - Level 2.2 Long Blades
 - Level 3.0 Armour
 - Level 9.9 Dodging
 - Level 0.1 Stealth
 - Level 3.1 Shields


You had 9 spell levels left.
You didn't know any spells.
Your spell library contained the following spells:

 Spells                   Type           Power        Failure   Level  Hunger
 Animate Skeleton         Necr           N/A          99%         1    ##.....
 Apportation              Tloc           #.....       99%         1    ##.....
 Confusing Touch          Hex            #.....       99%         1    ##.....
 Flame Tongue             Conj/Fire      #....        99%         1    ##.....
 Magic Dart               Conj           #...         99%         1    ##.....
 Summon Small Mammal      Summ           #...         99%         1    ##.....
 Blink                    Tloc           N/A          99%         2    ###....
 Call Imp                 Summ           #.......     99%         2    ###....
 Slow                     Hex            #.......     99%         2    ###....
 Throw Flame              Conj/Fire      #.....       99%         2    ###....
 Throw Frost              Conj/Ice       #.....       99%         2    ###....
 Call Canine Familiar     Summ           #.......     100%        3    ####...
 Conjure Flame            Conj/Fire      #.......     100%        3    ####...
 Mephitic Cloud           Conj/Pois/Air  #.......     100%        3    ####...
 Malign Gateway           Summ/Tloc      #.........   100%        7    #######


Dungeon Overview and Level Annotations

Branches:
Dungeon (9/15)             Temple (1/1) D:6            Lair (0/6) D:9
    Orc (2/2) D:9
    Elf: Orc:2

Altars:
Ashenzari
Cheibriados
Dithmenos
Elyvilon
Fedhas
Gozag
Hepliaklqana
Kikubaaqudgha
Makhleb
Nemelex Xobeh
Okawaru
Qazlal
Ru
Sif Muna
Trog
Uskayaw
Vehumet
Wu Jian
Xom
Yredelemnul
Zin
The Shining One
Beogh
Lugonu

Shops:
D:5 [   D:7 (

Annotations:
Orc:2 Jorgrun


Innate Abilities, Weirdness & Mutations

You have razor-sharp toenails.
You are partially covered in thin metallic scales. (AC +2)
You sometimes gain power by taking damage.
When hurt, damage is shared between your health and your magic reserves.
You regenerate magic rapidly.


Message History

The grasping roots constrict you.
The roots' grasp on you weakens, but your attempt to escape fails.
The two-headed ogre misses you. You block the two-headed ogre's attack.
You focus on the pain.
You feel your power returning. The grasping roots constrict you!
As you read the scroll of fog, it crumbles to dust.
The scroll dissolves into smoke.
Jorgrun says, "Tha earth be me home, an' ye be trespassing!"
The grasping roots constrict you. You block the two-headed ogre's attack.
The two-headed ogre hits you with a +0 giant club!
* * * LOW HITPOINT WARNING * * *
The roots' grasp on you weakens, but your attempt to escape fails.
The grasping roots constrict you.
You feel better.
The two-headed ogre hits you with a +0 giant club!!
* * * LOW HITPOINT WARNING * * *
You focus on the pain.
You feel mightier all of a sudden.
The two-headed ogre hits you with a +0 giant club!!
You die...

### ####....#
#..##......####
...#.........##
##............## ##...
#.....#........##
....###.....#...).....#
..##.##.##....§§§§)...#
#.......#...§§§§§....#
#........##.#§@§§...##
###........#.#O§§§..##
##..................##
#............g.##...#
#.......)......###...#
#...............##....#
#......).........##...#
#...#.............#....
#####).........†..##...


You could see Jorgrun and a two-headed ogre.

Vanquished Creatures
  A two-headed ogre (D:9)
  Joseph (D:8)
  Maurice (D:8)
  A troll (Orc:1)
  A hippogriff (D:6)
  A spriggan (D:7)
  Eustachio (D:6)
  Menkaure (D:6)
  A warg (Orc:2)
  2 porcupines (D:9)
  2 orc warriors
  3 sky beasts
  An ice beast (D:5)
  2 black bears
  9 ogres
  A phantom (D:6)
  4 centaurs
  A big kobold (D:9)
  A crocodile (D:9)
  8 bullfrogs
  A wyvern zombie (D:9)
  A gnoll sergeant (D:8)
  2 scorpions
  4 killer bees (D:8)
  11 wights
  2 howler monkeys
  5 crimson imps
  2 quasits
  A centaur skeleton (D:6)
  5 orc priests
  8 hounds
  4 iguanas
  4 jellies
  3 orc wizards
  A bullfrog skeleton (D:7)
  10 worker ants
  A killer bee zombie (D:5)
  12 gnolls
  2 howler monkey skeletons
  17 adders
  2 shadow imps (D:8)
  An ooze (D:1)
  6 worms
  4 dart slugs
  8 leopard geckos
  61 orcs
  6 bats
  4 giant cockroaches
  10 goblins
  7 hobgoblins
  8 jackals
  A quokka (D:4)
  4 ball pythons
  2 frilled lizards
  2 jackal skeletons
  15 kobolds
  A leopard gecko skeleton (D:4)
  A quokka skeleton (D:6)
  18 rats
  2 demonic plants (Temple)
302 creatures vanquished.

Vanquished Creatures (others)
  6 fungi (D:9)
6 creatures vanquished.

Grand Total: 308 creatures vanquished

Notes
Turn   | Place    | Note
-------+----------+-------------------------------------------
     0 | D:1      | Azaloris the Demonspawn Fighter began the quest for the
                  | Orb.
     0 | D:1      | Reached XP level 1. HP: 18/18 MP: 1/1
   100 | D:1      | Gained mutation: You sometimes gain a little power by
                  | taking damage. [demonic ancestry]
   100 | D:1      | Reached XP level 2. HP: 20/24 MP: 2/2
   487 | D:1      | Reached XP level 3. HP: 29/29 MP: 3/3
  1070 | D:1      | Reached skill level 1 in Dodging
  1325 | D:2      | Gained mutation: You sometimes gain power by taking damage.
                  | [demonic ancestry]
  1325 | D:2      | Reached XP level 4. HP: 29/35 MP: 4/4
  1449 | D:2      | Reached skill level 4 in Fighting
  1466 | D:2      | Found a faded altar of an unknown god.
  2172 | D:3      | Gained mutation: When hurt, damage is shared between your
                  | health and your magic reserves. [demonic ancestry]
  2172 | D:3      | Reached XP level 5. HP: 39/43 MP: 5/5
  2765 | D:3      | Found a snail-covered altar of Cheibriados.
  3526 | D:4      | Reached skill level 5 in Fighting
  3526 | D:4      | Gained mutation: You have sharp toenails. [demonic
                  | ancestry]
  3526 | D:4      | Reached XP level 6. HP: 46/51 MP: 6/6
  4517 | D:5      | Entered Level 5 of the Dungeon
  4518 | D:5      | Noticed a sky beast
  4531 | D:4      | Killed a sky beast
  4531 | D:4      | Gained mutation: You regenerate magic rapidly. [demonic
                  | ancestry]
  4531 | D:4      | Reached XP level 7. HP: 45/57 MP: 5/7
  4672 | D:5      | Found Kucluklot's Antique Armour Shoppe.
  4680 | D:5      | Bought a steaming scale mail for 234 gold pieces
  4690 | D:5      | Identified the cursed +0 scale mail of the Spheres {Regen+
                  | rCorr SInv} (You bought it in a shop on level 5 of the
                  | Dungeon)
  4767 | D:5      | Found a stormy altar of Qazlal.
  4786 | D:5      | Reached skill level 6 in Fighting
  4786 | D:5      | Reached skill level 5 in Dodging
  4903 | D:5      | Found a white marble altar of Elyvilon.
  4980 | D:5      | Found a basalt altar of Yredelemnul.
  5159 | D:5      | Found a bloodstained altar of Trog.
  5163 | D:5      | Found a stormy altar of Qazlal.
  5165 | D:5      | Found a shimmering altar of Xom.
  5166 | D:5      | Found an opulent altar of Gozag.
  5167 | D:5      | Found a sparkling altar of Nemelex Xobeh.
  5167 | D:5      | Found a hazy altar of Hepliaklqana.
  5167 | D:5      | Found a deep blue altar of Sif Muna.
  5168 | D:5      | Found a hide-covered altar of Uskayaw.
  5169 | D:5      | Found a blossoming altar of Fedhas.
  5171 | D:5      | Found a glowing golden altar of the Shining One.
  5310 | D:5      | Gained mutation: You have razor-sharp toenails. [demonic
                  | ancestry]
  5310 | D:5      | Reached XP level 8. HP: 48/65 MP: 8/8
  5610 | D:6      | Found a staircase to the Ecumenical Temple.
  5619 | Temple   | Entered the Ecumenical Temple
  5806 | D:6      | Reached skill level 7 in Fighting
  5908 | D:6      | Found a shattered altar of Ashenzari.
  5911 | D:6      | Noticed Eustachio
  5990 | D:6      | Killed Eustachio
  6036 | D:6      | Noticed Menkaure
  6046 | D:6      | Killed Menkaure
  6511 | D:6      | Reached XP level 9. HP: 74/74 MP: 9/9
  6894 | D:6      | Reached skill level 8 in Fighting
  7571 | D:6      | Reached skill level 9 in Fighting
  7872 | D:7      | Found Joite's Antique Weapon Shop.
  7946 | D:7      | Got a warped robe
  7957 | D:7      | Identified the cursed +1 robe of Inquiry {-Tele MR+ rCorr
                  | Dex+3} (You found it on level 7 of the Dungeon)
  8103 | D:8      | Noticed Joseph
  8114 | D:8      | Killed Joseph
  8114 | D:8      | Gained mutation: You are partially covered in thin metallic
                  | scales. (AC +2) [demonic ancestry]
  8114 | D:8      | Reached XP level 10. HP: 66/84 MP: 10/10
  8168 | D:8      | Reached skill level 10 in Fighting
  8334 | D:8      | Noticed Maurice
  8366 | D:8      | Killed Maurice
  8641 | D:9      | Noticed a two-headed ogre
  8646 | D:9      | Killed a two-headed ogre
  8646 | D:9      | Reached skill level 11 in Fighting
  8829 | D:9      | Found a staircase to the Lair.
  8837 | D:9      | Identified the Almanac of Supportive Conjuration
  8868 | D:9      | Reached skill level 12 in Fighting
  8919 | D:9      | Found a staircase to the Orcish Mines.
  8951 | D:9      | Found a roughly hewn altar of Beogh.
  8994 | Orc:1    | Entered Level 1 of the Orcish Mines
  9101 | Orc:2    | Entered Level 2 of the Orcish Mines
  9497 | Orc:2    | Noticed Jorgrun
  9498 | Orc:2    | Noticed a two-headed ogre
  9547 | Orc:2    | Slain by a two-headed ogre

Skill      XL: |  1  2  3  4  5  6  7  8  9 10 |
---------------+-------------------------------+-----
Shields        | 3 |  3.1
Long Blades    | 2 |  2.2
Armour         | 3 |  3.0
Dodging        | 1 3 4 6 8 9 |  9.9
Fighting       | 4 5 6 7 9 12 | 12.7
Stealth        | |  0.1

Action                   |  1- 3 |  4- 6 |  7- 9 | 10-12 || total
-------------------------+-------+-------+-------+-------++-------
Melee: Long sword        |   138 |   325 |   511 |       ||   974
       Kick              |       |    17 |   127 |       ||   144
       Scimitar          |       |       |    73 |   305 ||   378
 Fire: Hunting sling     |     3 |       |       |       ||     3
Throw: Stone             |     3 |       |     3 |       ||     6
  Use: Scroll            |       |     9 |     8 |     3 ||    20
       Potion            |       |     1 |     1 |     4 ||     6
  Eat: Chunk             |     2 |    11 |    12 |     7 ||    32
Armor: Scale mail        |    67 |   132 |   266 |   129 ||   594
Dodge: Dodged            |    50 |   110 |   326 |   215 ||   701
Block: Shield            |    66 |   184 |   421 |   198 ||   869
       Rpst.: Long sword |    11 |    39 |    87 |       ||   137
       Scimitar          |       |       |    11 |    57 ||    68
